 Dungeon Crawl Stone Soup version 0.25.1-1-g288607f (webtiles) character file.

Game seed: 15635112917342719334

120 SpaceCob the Firebug (level 4, -7/30 HPs)
             Began as a Demonspawn Fire Elementalist on Sept 27, 2020.
             Mangled by a worm (10 damage)
             ... on level 4 of the Dungeon.
             The game lasted 00:26:07 (3620 turns).

SpaceCob the Firebug (Demonspawn Fire Elementalist) Turns: 3620, Time: 00:26:08

Health: -7/30      AC:  3    Str:  8    XL:     4   Next: 75%
Magic:  7/7        EV: 12    Int: 18    God:
Gold:   132        SH:  0    Dex: 13    Spells: 6/7 levels left

rFire    . . .     SeeInvis .   h - +1 mace
rCold    . . .     Gourm    .   (no shield)
rNeg     . . .     Faith    .   a - +0 robe
rPois    .         Spirit   .   p - +0 helmet
rElec    .         Reflect  .   (no cloak)
rCorr    .         Harm     .   (no gloves)
MR       .....                  (no boots)
Stlth    ++........             (no amulet)
HPRegen  0.10/turn              (no ring)
MPRegen  0.10/turn              (no ring)

@: no status effects
A: spiny 2
a: no special abilities


You were on level 4 of the Dungeon.
You were hungry.

You visited 1 branch of the dungeon, and saw 4 of its levels.

You collected 132 gold pieces.

Inventory:

Hand Weapons
 h - a +1 mace (weapon)
 m - a +1 long sword of holy wrath
Missiles
 e - 80 stones (quivered)
 f - 12 poisoned darts
Armour
 a - a +0 robe (worn)
 p - a +0 helmet (worn)
Jewellery
 b - an uncursed ring of magical power {unknown}
Wands
 o - a wand of polymorph (8)
Scrolls
 g - 2 scrolls of remove curse
 i - a scroll of teleportation
 r - 2 scrolls of magic mapping
Potions
 d - 2 potions of curing {unknown}
 l - 2 potions of resistance
 q - a potion of brilliance {unknown}
Comestibles
 c - 6 rations


   Skills:
 - Level 1.7 Dodging
 - Level 1.7 Stealth
 - Level 2.0 Spellcasting
 * Level 3.6 Conjurations
 + Level 3.7 Fire Magic


You had 6 spell levels left.
You knew the following spells:

 Your Spells              Type           Power        Failure   Level  Hunger
a - Foxfire               Conj/Fire      ###.         4%          1    #......

Your spell library contained the following spells:

 Spells                   Type           Power        Failure   Level  Hunger
 Conjure Flame            Conj/Fire      ###.....     12%         3    ###....
 Inner Flame              Hex/Fire       #.......     26%         3    ###....
 Sticky Flame             Conj/Fire      ###.....     36%         4    #####..
 Fireball                 Conj/Fire      ###.......   73%         5    ######.


Dungeon Overview and Level Annotations

Branches:
Dungeon (4/15)
 Temple: D:4-7

Altars:
Elyvilon
Qazlal
Xom

Annotations:
D:3 exclusion: orc priest
D:4 exclusion: orc wizard


Innate Abilities, Weirdness & Mutations

You are mostly covered in sharp spines.


Message History

You hit the orc.
You kill the orc!
Things that are here:
a +0 club; a +0 chain mail You start resting.
Magic restored.
There is a stone staircase leading down, spattered with blood here.
You climb downwards.
Level annotation: exclusion: orc wizard The orc wizard casts a spell at you.
The magic dart hits you! The worm bites you. The orc is struck by your spines.
The orc hits you with a +0 dagger.
The orc wizard points at you and mumbles some strange words.
The puff of flame hits you!
* * * LOW HITPOINT WARNING * * *
There is a stone staircase leading up, spattered with blood here.
The orc is struck by your spines.
You kill the orc!
The worm bites you!
You die...

#######
##.....##
##.......##
#.......(.#
#.....[...#
#.....o....
#.)@.......
#..w......#
##.).o...##
......$..#
#!(....o..#
#.........#
..........#
.#..........


You could see a worm, an orc wizard and 2 orcs.

Vanquished Creatures
  A worker ant (D:3)
  2 adders (D:2)
  2 worms
  2 dart slugs
  3 leopard geckos
  5 orcs
  2 giant cockroaches (D:1)
  7 goblins
  6 hobgoblins
  7 jackals
  10 kobolds
  4 bats
  A frilled lizard (D:2)
  5 rats
57 creatures vanquished.

Vanquished Creatures (others)
  122 foxfires
122 creatures vanquished.

Grand Total: 179 creatures vanquished

Notes
Turn   | Place    | Note
-------+----------+-------------------------------------------
     0 | D:1      | SpaceCob the Demonspawn Fire Elementalist began the quest
                  | for the Orb.
     0 | D:1      | Reached XP level 1. HP: 13/13 MP: 3/3
   337 | D:1      | Gained mutation: You are partially covered in sharp spines.
                  | [demonic ancestry]
   337 | D:1      | Reached XP level 2. HP: 19/19 MP: 1/5
   987 | D:1      | Reached XP level 3. HP: 24/24 MP: 0/6
  1533 | D:2      | Found a white marble altar of Elyvilon.
  2126 | D:3      | Found a stormy altar of Qazlal.
  2204 | D:3      | Gained mutation: You are mostly covered in sharp spines.
                  | [demonic ancestry]
  2204 | D:3      | Reached XP level 4. HP: 30/30 MP: 4/7
  3102 | D:3      | Found a shimmering altar of Xom.
  3620 | D:4      | Mangled by a worm

Illustrated notes

Levels and vault maps discovered:
D:1:      dpeg_arrival_orchard, layout_rooms
D:2:      layout_loops_cross, elyvilon_altar_5, minmay_misc_feat_chi,
          fountainhead
D:3:      layout_basic, nicolae_overflow_hidden_temple, old_standard_altar
D:4:      layout_rooms, overflow_temple_1_default, first_ration

Skill      XL: |  1  2  3 |
---------------+----------+-----
Fire Magic     | 3 |  3.7
Conjurations   | 2 3 |  3.6
Dodging        | |  1.7
Stealth        | |  1.7
Spellcasting   | |  2.0

Action                   |  1- 3 |  4- 6 || total
-------------------------+-------+-------++-------
Melee: Unarmed           |     9 |       ||     9
       Mace              |     3 |     1 ||     4
Throw: Stone             |    10 |     8 ||    18
 Cast: Foxfire           |    66 |    27 ||    93
  Use: Scroll            |     3 |     4 ||     7
 Stab: Sleeping          |     1 |       ||     1
  Eat: Chunk             |     4 |     5 ||     9
Armor: Robe              |     6 |     1 ||     7
Dodge: Dodged            |    25 |     4 ||    29
